 Dungeon Crawl Stone Soup version 0.31.0-9-g3a7656b989 (webtiles) character file.

Game seed: 4557978914393323653

22 qw the Shooter (level 2, -2/14 HPs)
             Began as a Spriggan Hunter on Feb 2, 2024.
             Succumbed to their own poison gas
             ... on level 1 of the Dungeon.
             The game lasted 00:00:19 (1887 turns).

qw the Shooter (Spriggan Hunter)                    Turns: 1887, Time: 00:00:19

Health: -2/14      AC:  2    Str:  6 (7)  XL:     2   Next: 68%
Magic:  2/3        EV: 18    Int:  9 (10) God:
Gold:   100        SH:  0    Dex: 17 (18) Spells: 1/1 levels left

rFire   . . .        a - +0 shortbow
rCold   . . .        (shield currently unavailable)
rNeg    . . .        c - +0 robe
rPois   .            (helmet restricted)
rElec   .            (no cloak)
rCorr   .            (gloves unavailable)
SInv    +            (boots unavailable)
Will    .....        f - amulet of guardian spirit
Stlth   ++           (no ring)
HPRegen 0.22/turn    (no ring)
MPRegen 0.08/turn

%: guardian spirit
@: mighty, lethally poisoned (-2 -> -13), very quick
A: very small, no large weapons, unfitting armour, see invisible, speed 3
a: no special abilities


You were on level 1 of the Dungeon.
You visited 1 branch of the dungeon, and saw 1 of its levels.

You collected 100 gold pieces.


Innate Abilities, Weirdness & Mutations

You are very small and have problems with some larger weapons.
You are too small for most types of armour.
You have supernaturally acute eyesight. (SInv)
You cover ground extremely quickly. (Speed+++)


   Skills:
 - Level 1.5 Fighting
 + Level 4.2 Ranged Weapons
 - Level 4.0 Dodging
 - Level 1.5 Stealth


You had one spell level left.
You didn't know any spells.
Your spell library was empty.

Inventory:

Hand Weapons
 a - a +0 shortbow (weapon)
Armour
 c - a +0 robe (worn)
Jewellery
 f - an amulet of guardian spirit (around neck)
Potions
 d - a potion of might

Dungeon Overview and Level Annotations

Branches:
Dungeon (1/15)

Altars:

Shops:
D:1 :


Message History

As you read the scroll labelled WEZONOR EGAE, it crumbles to dust.
It was a scroll of poison.
Done exploring.
1879 ||| DRINKING 2 amethyst potions.
It was a potion of might.
You feel very mighty all of a sudden.
Done exploring.
1880 ||| DRINKING 2 coppery potions.
It was a potion of degeneration.
There was something very wrong with that liquid.
You feel weakened.
You feel dopey.
You feel clumsy.
Done exploring.
1881 ||| DROPPING scroll of butterflies.
You drop a scroll of butterflies.
Done exploring.
1882 ||| DROPPING potion of lignification.
You drop a potion of lignification.
Done exploring.
1883 ||| DROPPING potion of degeneration.
You drop a potion of degeneration.
Done exploring.
What level of the Dungeon? (default 1, ? - help) Sorry, I don't know how to get there.
Enter note:
Enter note:
Enter note:
Enter note:
Enter note:
Enter note:
Enter note:
Enter note:
Enter note: You are engulfed in poison gas.
You are lethally poisoned!
You feel very sick.
1885 ||| Stepping ~*~*~tactically~*~*~ (cloud).
You feel very sick.
Items here: !! = ?.
There is a lethal amount of poison in your body!
You feel very sick.
There is a lethal amount of poison in your body!
You die...

########...########
######>......07..7.....#
>......##.###70.P777##.#
#########.# 770.77707#.#
........#.# 7P077P¤P77.#
......#.#.##77¤P0¤7¤77.#
#####.#.#¤¤#77000P0P000# #
#.#.#0¤¤¤0¤00P¤077.# #
#.#.#.###777@P007#.# # #.#.#.#
7P¤P07##.# # ##.#.#.# #77777
#.# # #....#.# #.# #.# #
#......# #.###.# # #.######
#[..#.# ### # #.#
###.#.#####.## # #.#
#####.#........#
####.###########.....#######.##


There were no monsters in sight!

Vanquished Creatures
  A dart slug (D:1)
  An endoplasm (D:1)
  2 giant cockroaches (D:1)
  A goblin (D:1)
  2 hobgoblins (D:1)
  A kobold (D:1)
  3 quokkas (D:1)
  A ball python (D:1)
  3 bats (D:1)
  2 frilled lizards (D:1)
  2 rats (D:1)
19 creatures vanquished.

Notes
Turn   | Place    | Note
-------+----------+-------------------------------------------
     0 | D:1      | qw the Spriggan Hunter began the quest for the Orb.
     0 | D:1      | Reached XP level 1. HP: 10/10 MP: 2/2
     0 | D:1      | 0 ||| qw: Version: 0.3-a-155-g5e7d8dd
     0 | D:1      | 0 ||| qw: Game counter: 2776
     0 | D:1      | 0 ||| qw: Melee chars always use a shield: true
     0 | D:1      | 0 ||| qw: God list: Okawaru
     0 | D:1      | 0 ||| qw: Allow faded altars: false
     0 | D:1      | 0 ||| qw: Do Orc after clearing Dungeon:15 true
     0 | D:1      | 0 ||| qw: Do second Lair branch before Depths: true
     0 | D:1      | 0 ||| qw: Lair rune preference: random
     0 | D:1      | 0 ||| qw: Goals: Normal
     0 | D:1      | 0 ||| PLANNING D:1-11
   156 | D:1      | Reached skill level 3 in Dodging
   200 | D:1      | Reached XP level 2. HP: 14/14 MP: 3/3
  1422 | D:1      | Found Xusme Zar's Book Boutique.
  1871 | D:1      | 1871 ||| UPGRADING to amulet of guardian spirit.
  1876 | D:1      | 1876 ||| DROPPING ring of wizardry.
  1877 | D:1      | 1877 ||| READING scroll labelled ATOV YPNUKLI.
  1877 | D:1      | 1877 ||| IDENTIFYING sedimented inky potion
  1878 | D:1      | 1878 ||| READING scroll labelled WEZONOR EGAE.
  1879 | D:1      | 1879 ||| DRINKING 2 amethyst potions.
  1880 | D:1      | 1880 ||| DRINKING 2 coppery potions.
  1881 | D:1      | 1881 ||| DROPPING scroll of butterflies.
  1882 | D:1      | 1882 ||| DROPPING potion of lignification.
  1883 | D:1      | 1883 ||| DROPPING potion of degeneration.
  1885 | D:1      | 1885 ||| Stepping ~*~*~tactically~*~*~ (cloud).
  1886 | D:1      | HP: 1/14 [poisoned by you (poison gas)]
  1887 | D:1      | Succumbed to their own poison gas

Levels and vault maps discovered:
D:1:      dpeg_arrival_circle_labyrinth_c, layout_loops_ring, serial_shops,
          shop, serial_forest, infiniplex_forest_lined_room_2,
          infiniplex_forest_zigzag_1, infiniplex_forest_3_way,
          infiniplex_forest_corner_1, minmay_crystal_water,
          kennysheep_another_room

Skill      XL: |  1  2 |
---------------+-------+-----
Dodging        | 3 4 |  4.0
Fighting       | |  1.5
Ranged Weapons | |  4.2
Stealth        | |  1.5

Action                     || total
---------------------------++-------
   Fire: Shortbow          ||   126
    Use: Scroll            ||     2
         Potion            ||     2
 Armour: Robe              ||     2
  Dodge: Dodged            ||    22

Table legend:
 A = Non-vault XP
 B = Vault XP
 C = Vault XP percentage of total XP
 D = Non-vault monster count
 E = Vault monster count
 F = Vault count percentage of total count
                 A         B        C        D         E       F
            +---------+---------+-------+---------+---------+-------
      Total |      32 |       0 |   0.0 |      19 |       0 |   0.0
            +---------+---------+-------+---------+---------+-------
        D:1 |      32 |       0 |   0.0 |      19 |       0 |   0.0
            +---------+---------+-------+---------+---------+-------
